TOP OF THE 1ST |
Jacksonville Suns batting - Pitching for Colorado (EL) Rockies : RHP Dave Shanks
|
Pitching: RHP Dave Shanks
|
|
Batting: RHB Akira Suzuki
|
0-0: Ball 1-0: Fly out, F9 (Flyball, 89M, EV 91.9 MPH)
|
Batting: RHB Reomel Somera
|
0-0: SINGLE (Line Drive, 8RS, EV 86.9 MPH)
|
Batting: RHB Jack Power
|
0-0: Ball Reomel Somera steals 2nd base 1-0: Fly out, F7 (Flyball, 7, EV 92.5 MPH)
|
Batting: RHB Torquato Obawole
|
0-0: Fly out, F9 (Flyball, 9D, EV 81.2 MPH)
|
Top of the 1st over - 0 runs, 1 hit, 0 errors, 1 left on base; Jacksonville 0 - Colorado (EL) 0 |
BOTTOM OF THE 1ST |
Colorado (EL) Rockies batting - Pitching for Jacksonville Suns : LHP Nick Gore
|
Pitching: LHP Nick Gore
|
|
Batting: SHB Jamie Mims
|
0-0: Foul Ball, location: 2F 0-1: Swinging Strike 0-2: Fly out, F9 (Flyball, 89M, EV 81.2 MPH)
|
Batting: RHB Wali Mulogo
|
0-0: Called Strike 0-1: Foul Ball, location: 2F 0-2: Ball 1-2: Strikes out swinging
|
Batting: SHB Bobby Santor
|
0-0: Ball 1-0: Ball 2-0: Ground out 5-3 (Groundball, 56, EV 77.5 MPH)
|
Bottom of the 1st over - 0 runs, 0 hits, 0 errors, 0 left on base; Jacksonville 0 - Colorado (EL) 0 |
TOP OF THE 2ND |
Jacksonville Suns batting - Pitching for Colorado (EL) Rockies : RHP Dave Shanks
|
Batting: LHB Orlando Rivera
|
0-0: Ball 1-0: Called Strike 1-1: Ball 2-1: Ball 3-1: Foul Ball, location: 2F 3-2: Fly out, F8 (Flyball, 89D, EV 83.8 MPH)
|
Batting: RHB Len Graham
|
0-0: Ball 1-0: Swinging Strike 1-1: Fly out, F9 (Flyball, 9, EV 85.0 MPH)
|
Batting: RHB Larry LeFever
|
0-0: Swinging Strike 0-1: Ball 1-1: Ball 2-1: Called Strike 2-2: Ball 3-2: Strikes out swinging
|
Top of the 2nd over - 0 runs, 0 hits, 0 errors, 0 left on base; Jacksonville 0 - Colorado (EL) 0 |
BOTTOM OF THE 2ND |
Colorado (EL) Rockies batting - Pitching for Jacksonville Suns : LHP Nick Gore
|
Batting: RHB Maurice Moore
|
0-0: Called Strike 0-1: Ball 1-1: Fly out, F9 (Flyball, 9, EV 86.2 MPH)
|
Batting: RHB Chris Tatum
|
0-0: Called Strike 0-1: Called Strike 0-2: Ground out 4-3 (Groundball, 34, EV 99.4 MPH)
|
Batting: LHB Paul McClintock
|
0-0: Ball 1-0: Ball 2-0: Ground out 6-3 (Groundball, 6, EV 106.9 MPH)
|
Bottom of the 2nd over - 0 runs, 0 hits, 0 errors, 0 left on base; Jacksonville 0 - Colorado (EL) 0 |
TOP OF THE 3RD |
Jacksonville Suns batting - Pitching for Colorado (EL) Rockies : RHP Dave Shanks
|
Batting: RHB Chris Alft
|
0-0: Called Strike 0-1: SINGLE (Line Drive, 56D, EV 96.9 MPH)
|
Batting: LHB Emilio Cordero
|
0-0: Hit by Pitch Chris Alft to second
|
Batting: RHB Akira Suzuki
|
0-0: Called Strike 0-1: Ball 1-1: Ball 2-1: Ball 3-1: Swinging Strike 3-2: Foul Ball, location: 2F 3-2: Strikes out swinging
|
Batting: RHB Reomel Somera
|
0-0: Ball 1-0: SINGLE (Line Drive, 34D, EV 99.4 MPH) Chris Alft to third Emilio Cordero to second
|
Batting: RHB Jack Power
|
0-0: Ball 1-0: Foul Ball, location: 2F 1-1: Ball Balk! Chris Alft scores Emilio Cordero to third Reomel Somera to second 2-1: Ball 3-1: Ground out 6-3 (Groundball, 6, EV 99.4 MPH) Emilio Cordero scores
|
Batting: RHB Torquato Obawole
|
0-0: Foul Ball, location: 2F 0-1: Ball 1-1: Ball 2-1: Ground out U3 (Groundball, 34, EV 105.6 MPH)
|
Top of the 3rd over - 2 runs, 2 hits, 0 errors, 1 left on base; Jacksonville 2 - Colorado (EL) 0 |
BOTTOM OF THE 3RD |
Colorado (EL) Rockies batting - Pitching for Jacksonville Suns : LHP Nick Gore
|
Batting: SHB Craig Ruzic
|
0-0: Called Strike 0-1: Called Strike 0-2: Ball 1-2: Ball 2-2: Strikes out swinging
|
Batting: RHB Seisaburo Edagawa
|
0-0: Ball 1-0: Foul Ball, location: 2F 1-1: Ball 2-1: Called Strike 2-2: Ground out 4-3 (Groundball, 4, EV 79.4 MPH)
|
Batting: LHB Daniel Green
|
0-0: Ball 1-0: Foul Ball, location: 2F 1-1: Fly out, F8 (Flyball, 8RM, EV 91.2 MPH)
|
Bottom of the 3rd over - 0 runs, 0 hits, 0 errors, 0 left on base; Jacksonville 2 - Colorado (EL) 0 |
TOP OF THE 4TH |
Jacksonville Suns batting - Pitching for Colorado (EL) Rockies : RHP Dave Shanks
|
Batting: LHB Orlando Rivera
|
0-0: Ball 1-0: Foul Ball, location: 2F 1-1: DOUBLE (Flyball, 78D, EV 96.9 MPH)
|
Batting: RHB Len Graham
|
0-0: Called Strike 0-1: Ball 1-1: Fly out, F9 (Flyball, 89M, EV 86.2 MPH)
|
Batting: RHB Larry LeFever
|
0-0: Foul Ball, location: 2F 0-1: Ball 1-1: Called Strike 1-2: Ball 2-2: Fly out, F4 (Line Drive, 4MD, EV 69.4 MPH)
|
Batting: RHB Chris Alft
|
0-0: Called Strike 0-1: Ball 1-1: Ball 2-1: Swinging Strike 2-2: Foul Ball, location: 2F 2-2: Foul Ball, location: 2F 2-2: Strikes out swinging
|
Top of the 4th over - 0 runs, 1 hit, 0 errors, 1 left on base; Jacksonville 2 - Colorado (EL) 0 |
BOTTOM OF THE 4TH |
Colorado (EL) Rockies batting - Pitching for Jacksonville Suns : LHP Nick Gore
|
Batting: SHB Jamie Mims
|
0-0: Ball 1-0: Called Strike 1-1: Ball 2-1: Swinging Strike 2-2: Ball 3-2: SINGLE (Line Drive, 56D, EV 97.5 MPH)
|
Batting: RHB Wali Mulogo
|
0-0: Ball Balk! Jamie Mims to second 1-0: Foul Ball, location: 2F 1-1: Ball 2-1: Fly out, F8 (Flyball, 8LD, EV 102.5 MPH)
|
Batting: SHB Bobby Santor
|
0-0: Ball 1-0: Ball 2-0: Ground out 5-3 (Groundball, 5S, EV 68.8 MPH) Jamie Mims to third
|
Batting: RHB Maurice Moore
|
0-0: Called Strike 0-1: Swinging Strike 0-2: Ball 1-2: 2-RUN HOME RUN (Flyball, 78XD, EV 99.4 MPH), Distance : 380 ft
|
Batting: RHB Chris Tatum
|
0-0: Called Strike 0-1: Swinging Strike 0-2: Ball 1-2: SINGLE (Flyball, 89S, EV 85.6 MPH)
|
Batting: LHB Paul McClintock
|
0-0: Foul Ball, location: 2F 0-1: Called Strike 0-2: Ball 1-2: Ball 2-2: Strikes out swinging
|
Bottom of the 4th over - 2 runs, 3 hits, 0 errors, 1 left on base; Jacksonville 2 - Colorado (EL) 2 |
TOP OF THE 5TH |
Jacksonville Suns batting - Pitching for Colorado (EL) Rockies : RHP Dave Shanks
|
Batting: LHB Emilio Cordero
|
0-0: Ball 1-0: Ball 2-0: Ball 3-0: Base on Balls
|
Batting: RHB Akira Suzuki
|
0-0: Swinging Strike 0-1: Grounds into double play, 6-4-3 (Groundball, 6, EV 87.5 MPH)
|
Batting: RHB Reomel Somera
|
0-0: Called Strike 0-1: Ball 1-1: Foul Ball, location: 2F 1-2: Foul Ball, location: 2F 1-2: Ball 2-2: Foul Ball, location: 2F 2-2: Ball 3-2: Strikes out swinging
|
Top of the 5th over - 0 runs, 0 hits, 0 errors, 0 left on base; Jacksonville 2 - Colorado (EL) 2 |
BOTTOM OF THE 5TH |
Colorado (EL) Rockies batting - Pitching for Jacksonville Suns : LHP Nick Gore
|
Batting: SHB Craig Ruzic
|
0-0: Called Strike 0-1: Ball 1-1: Called Strike 1-2: Foul Ball, location: 2F 1-2: Foul Ball, location: 2F 1-2: Ball 2-2: Foul Ball, location: 2F 2-2: Strikes out swinging
|
Batting: RHB Seisaburo Edagawa
|
0-0: Called Strike 0-1: Fly out, F6 (Line Drive, 6, EV 65.0 MPH)
|
Batting: LHB Daniel Green
|
0-0: Called Strike 0-1: Ball 1-1: Ball 2-1: Swinging Strike 2-2: Ball 3-2: Strikes out looking
|
Bottom of the 5th over - 0 runs, 0 hits, 0 errors, 0 left on base; Jacksonville 2 - Colorado (EL) 2 |
TOP OF THE 6TH |
Jacksonville Suns batting - Pitching for Colorado (EL) Rockies : RHP Dave Shanks
|
Batting: RHB Jack Power
|
0-0: Called Strike 0-1: Swinging Strike 0-2: Ball 1-2: Foul Ball, location: 2F 1-2: Strikes out swinging
|
Batting: RHB Torquato Obawole
|
0-0: Foul Ball, location: 2F 0-1: Ball 1-1: Ground out U3 (Groundball, 13, EV 84.4 MPH)
|
Batting: LHB Orlando Rivera
|
0-0: Ball 1-0: Ball 2-0: Foul Ball, location: 2F 2-1: SINGLE (Groundball, 34S, EV 70.6 MPH) (infield hit)
|
Batting: RHB Len Graham
|
0-0: Ball 1-0: Called Strike Orlando Rivera steals 2nd base 1-1: Ball 2-1: Foul Ball, location: 2F 2-2: Ball 3-2: Reached on error, E6 (Groundball, 6, EV 81.9 MPH) Orlando Rivera to third
|
Batting: RHB Larry LeFever
|
0-0: Ball 1-0: Ball Len Graham is caught stealing 2nd base 2-4
|
Top of the 6th over - 0 runs, 1 hit, 1 error, 1 left on base; Jacksonville 2 - Colorado (EL) 2 |
BOTTOM OF THE 6TH |
Colorado (EL) Rockies batting - Pitching for Jacksonville Suns : LHP Nick Gore
|
Batting: SHB Jamie Mims
|
0-0: Foul Ball, location: 2F 0-1: SINGLE (Groundball, P, EV 89.4 MPH) (infield hit)
|
Batting: RHB Wali Mulogo
|
0-0: Called Strike 0-1: Fly out, F9 (Flyball, 9D, EV 91.9 MPH)
|
Batting: SHB Bobby Santor
|
0-0: Ball 1-0: Called Strike 1-1: Ball 2-1: Foul Ball, location: 2F 2-2: Foul Ball, location: 2F 2-2: Ball 3-2: Base on Balls Jamie Mims to second
|
Pitching: RHP Mike Yorke
|
|
Batting: RHB Maurice Moore
|
0-0: Ball 1-0: Called Strike 1-1: Foul Ball, location: 2F 1-2: Fly out, F8 (Flyball, 8LD, EV 97.5 MPH)
|
Batting: RHB Chris Tatum
|
0-0: Called Strike 0-1: Ball 1-1: Foul Ball, location: 2F 1-2: Foul Ball, location: 2F 1-2: Ball 2-2: Ball 3-2: Foul Ball, location: 2F 3-2: Fly out, F8 (Flyball, 8LXD, EV 77.5 MPH)
|
Bottom of the 6th over - 0 runs, 1 hit, 0 errors, 2 left on base; Jacksonville 2 - Colorado (EL) 2 |
TOP OF THE 7TH |
Jacksonville Suns batting - Pitching for Colorado (EL) Rockies : RHP Dave Shanks
|
Pitching: RHP Lorenzo Pacheco
|
|
Batting: RHB Larry LeFever
|
0-0: Ball 1-0: Foul Ball, location: 2F 1-1: Fly out, F6 (Line Drive, 6M, EV 71.2 MPH)
|
Batting: RHB Chris Alft
|
0-0: Ground out 6-3 (Groundball, 6, EV 87.5 MPH)
|
Batting: LHB Emilio Cordero
|
0-0: Foul Ball, location: 2F 0-1: Ball 1-1: Called Strike 1-2: Strikes out swinging
|
Top of the 7th over - 0 runs, 0 hits, 0 errors, 0 left on base; Jacksonville 2 - Colorado (EL) 2 |
BOTTOM OF THE 7TH |
Colorado (EL) Rockies batting - Pitching for Jacksonville Suns : RHP Mike Yorke
|
Pitching: RHP Dan Durand
|
|
Batting: LHB Paul McClintock
|
0-0: Called Strike 0-1: Ball 1-1: Ground out 2-3 (Groundball, 2L, EV 68.8 MPH)
|
Batting: SHB Craig Ruzic
|
0-0: Foul Ball, location: 2F 0-1: Ball 1-1: Foul Ball, location: 2F 1-2: Ball 2-2: Foul Ball, location: 2F 2-2: Ball 3-2: Base on Balls
|
Batting: RHB Seisaburo Edagawa
|
0-0: Swinging Strike Craig Ruzic steals 2nd base 0-1: Ground out 5-3 (Groundball, 56S, EV 88.8 MPH)
|
Batting: LHB Daniel Green
|
0-0: Ball 1-0: Called Strike 1-1: SINGLE (Groundball, 25, EV 67.5 MPH) (infield hit) Craig Ruzic to third
|
Batting: SHB Jamie Mims
|
0-0: Called Strike 0-1: Swinging Strike 0-2: Foul Ball, location: 2F 0-2: Foul Ball, location: 2F 0-2: Ball 1-2: Ball 2-2: Fly out, F3 (Line Drive, 34, EV 70.0 MPH)
|
Bottom of the 7th over - 0 runs, 1 hit, 0 errors, 2 left on base; Jacksonville 2 - Colorado (EL) 2 |
TOP OF THE 8TH |
Jacksonville Suns batting - Pitching for Colorado (EL) Rockies : RHP Lorenzo Pacheco
|
Batting: RHB Akira Suzuki
|
0-0: Ball 1-0: Ball 2-0: Called Strike 2-1: Fly out, F8 (Flyball, 8RD, EV 105.0 MPH)
|
Batting: RHB Reomel Somera
|
0-0: Ball 1-0: Ball 2-0: Called Strike 2-1: DOUBLE (Line Drive, 9LS, EV 108.8 MPH)
|
Batting: RHB Jack Power
|
0-0: Ground out 4-3 (Groundball, 4, EV 93.1 MPH) Reomel Somera to third
|
Batting: RHB Torquato Obawole
|
0-0: Called Strike 0-1: Foul Ball, location: 2F 0-2: Ball 1-2: Strikes out looking
|
Top of the 8th over - 0 runs, 1 hit, 0 errors, 1 left on base; Jacksonville 2 - Colorado (EL) 2 |
BOTTOM OF THE 8TH |
Colorado (EL) Rockies batting - Pitching for Jacksonville Suns : RHP Dan Durand
|
Pitching: RHP Alberto Negrete
|
|
Batting: RHB Wali Mulogo
|
0-0: Ball 1-0: Swinging Strike 1-1: Ball 2-1: Foul Ball, location: 2F 2-2: Fly out, F7 (Flyball, 7, EV 86.2 MPH)
|
Batting: SHB Bobby Santor
|
0-0: Foul Ball, location: 2F 0-1: Foul Ball, location: 2F 0-2: Ball 1-2: Foul Ball, location: 2F 1-2: Ground out U3 (Groundball, 34, EV 84.4 MPH)
|
Batting: RHB Maurice Moore
|
0-0: SINGLE (Groundball, 6D, EV 100.6 MPH)
|
Batting: RHB Chris Tatum
|
0-0: Called Strike 0-1: Ball 1-1: Ball 2-1: Fly out, F4 (Line Drive, 4M, EV 70.0 MPH)
|
Bottom of the 8th over - 0 runs, 1 hit, 0 errors, 1 left on base; Jacksonville 2 - Colorado (EL) 2 |
TOP OF THE 9TH |
Jacksonville Suns batting - Pitching for Colorado (EL) Rockies : RHP Lorenzo Pacheco
|
Pitching: LHP Domenic Wells
|
|
Batting: LHB Orlando Rivera
|
0-0: Ball 1-0: Ball 2-0: Ball 3-0: Base on Balls
|
Batting: RHB Len Graham
|
0-0: Ball Orlando Rivera steals 2nd base (no throw) 1-0: Ground out 5-3 (Groundball, 56, EV 105.0 MPH)
|
Batting: RHB Larry LeFever
|
0-0: DOUBLE (Line Drive, 78M, EV 91.2 MPH) Orlando Rivera scores
|
Batting: RHB Chris Alft
|
0-0: Intentional Walk
|
Batting: LHB Emilio Cordero
|
0-0: Foul Ball, location: 2F 0-1: Ball 1-1: Ball 2-1: Ball 3-1: Base on Balls Larry LeFever to third Chris Alft to second
|
Batting: RHB Akira Suzuki
|
0-0: Ball 1-0: Ball 2-0: Ball 3-0: Called Strike 3-1: Base on Balls Larry LeFever scores Chris Alft to third Emilio Cordero to second
|
Batting: RHB Reomel Somera
|
0-0: Ball 1-0: Foul Ball, location: 2F 1-1: Ball 2-1: Swinging Strike 2-2: Strikes out swinging
|
Batting: RHB Jack Power
|
0-0: Called Strike 0-1: Ball 1-1: Foul Ball, location: 2F 1-2: Ball 2-2: Ball 3-2: Base on Balls Chris Alft scores Emilio Cordero to third Akira Suzuki to second
|
Batting: RHB Torquato Obawole
|
0-0: Called Strike 0-1: Ball 1-1: Swinging Strike 1-2: Ball 2-2: Foul Ball, location: 2F 2-2: Foul Ball, location: 2F 2-2: Ball 3-2: Foul Ball, location: 2F 3-2: Base on Balls Emilio Cordero scores Akira Suzuki to third Jack Power to second
|
Pitching: RHP Dane Long
|
|
Batting: LHB Orlando Rivera
|
0-0: Called Strike 0-1: Foul Ball, location: 2F 0-2: Ball 1-2: Foul Ball, location: 2F 1-2: Ball 2-2: Ball 3-2: Foul Ball, location: 2F 3-2: Base on Balls Akira Suzuki scores Jack Power to third Torquato Obawole to second
|
Batting: RHB Len Graham
|
0-0: Called Strike 0-1: Ball 1-1: Swinging Strike 1-2: Strikes out looking
|
Top of the 9th over - 5 runs, 1 hit, 0 errors, 3 left on base; Jacksonville 7 - Colorado (EL) 2 |
BOTTOM OF THE 9TH |
Colorado (EL) Rockies batting - Pitching for Jacksonville Suns : RHP Alberto Negrete
|
Batting: LHB Paul McClintock
|
0-0: Ball 1-0: Ball 2-0: Foul Ball, location: 2F 2-1: Foul Ball, location: 2F 2-2: Ball 3-2: Strikes out swinging
|
Batting: SHB Craig Ruzic
|
0-0: Ball 1-0: Swinging Strike 1-1: Ball 2-1: SINGLE (Groundball, 34S, EV 65.6 MPH) (infield hit)
|
Batting: RHB Seisaburo Edagawa
|
0-0: Swinging Strike 0-1: Ball 1-1: Foul Ball, location: 2F 1-2: Ball 2-2: Foul Ball, location: 2F 2-2: Ball Wild Pitch! Craig Ruzic to second 3-2: Base on Balls
|
Pitching: RHP Joe Lynn
|
|
Batting: LHB Daniel Green
|
0-0: Called Strike 0-1: Ball 1-1: Ball 2-1: Swinging Strike 2-2: Foul Ball, location: 2F 2-2: Ball 3-2: Base on Balls Craig Ruzic to third Seisaburo Edagawa to second
|
Batting: SHB Jamie Mims
|
0-0: Ball 1-0: Ball 2-0: Foul Ball, location: 2F 2-1: Ball 3-1: Base on Balls Craig Ruzic scores Seisaburo Edagawa to third Daniel Green to second
|
Pitching: RHP Cory Levine
|
|
Batting: RHB Wali Mulogo
|
0-0: Ball 1-0: Reached on error, E6 (Groundball, 6, EV 82.5 MPH) Seisaburo Edagawa scores Daniel Green to third Jamie Mims to second
|
Batting: SHB Bobby Santor
|
0-0: Called Strike 0-1: Called Strike 0-2: Foul Ball, location: 2F 0-2: Strikes out looking
|
Batting: RHB Maurice Moore
|
0-0: Ball 1-0: Foul Ball, location: 2F 1-1: Ball 2-1: Ball 3-1: Base on Balls Daniel Green scores Jamie Mims to third Wali Mulogo to second
|
Pinch Hitting: LHB Mick Tucker
|
0-0: Ball 1-0: Ball 2-0: Called Strike 2-1: Called Strike 2-2: Strikes out swinging
|
Bottom of the 9th over - 3 runs, 1 hit, 1 error, 3 left on base; Jacksonville 7 - Colorado (EL) 5 |
|